 Dungeon Crawl Stone Soup version 0.29.1-13-g9f3cf754e1 (webtiles) character file.

Game seed: 1033147606861979684

13007 Atlar the Ducker (level 11, -39/102 HPs)
             Began as a Troll Monk on Jan 17, 2023.
             Was an Elder of Nemelex Xobeh.
             Annihilated by a boulder beetle (51 damage)
             ... on level 11 of the Dungeon on Jan 21, 2023.
             The game lasted 01:48:08 (11029 turns).

Atlar the Ducker (Troll Monk)                      Turns: 11029, Time: 01:48:12

Health: -39/102    AC:  8    Str: 21    XL:     11   Next: 69%
Magic:  11/15      EV: 13    Int:  6    God:    Nemelex Xobeh [****..]
Gold:   1088       SH:  0    Dex: 16    Spells: 10/10 levels left

rFire   . . .      SeeInvis .   P - +6 quarterstaff (vorpal)
rCold   . . .      Faith    .   (shield currently unavailable)
rNeg    . . .      Spirit   .   z - +0 acid dragon scales
rPois   +          Reflect  .   (helmet restricted)
rElec   .          Harm     .   (no cloak)
rCorr   +          Rampage  .   (gloves unavailable)
Will    +....                   (boots unavailable)
Stlth   ++........              (no amulet)
HPRegen 1.07/turn               m - ring of poison resistance
MPRegen 0.14/turn               F - ring of willpower

@: no status effects
A: large, unfitting armour, claws 3, regeneration 1, shaggy fur 1, tough skin 1
a: Renounce Religion, Draw Escape, Draw Destruction, Draw Summoning, Triple
Draw, Deal Four


You were on level 11 of the Dungeon.
You worshipped Nemelex Xobeh.
Nemelex Xobeh was greatly pleased with you.
You visited 1 branch of the dungeon, and saw 11 of its levels.

You collected 1088 gold pieces.

Inventory:

Hand Weapons
 y - a +1 spectral quarterstaff
 H - a +2 shortbow of flaming
 J - a +1 dire flail of protection
 M - a +2 short sword of holy wrath
 P - a +6 vorpal quarterstaff (weapon)
 T - a +0 spear of distortion
 X - a +0 giant spiked club
Missiles
 a - 5 javelins
 v - 8 boomerangs (quivered)
 x - 94 stones
 N - 17 poisoned darts
 W - 8 atropa-tipped darts
Armour
 h - +0 steam dragon scales
 z - +0 acid dragon scales (worn)
Magical Staves
 A - a staff of cold
Jewellery
 i - a ring of flight
 l - a ring of protection from cold
 m - a ring of poison resistance (left claw)
 r - an amulet of magic regeneration
 F - a ring of willpower (right claw)
Wands
 n - a wand of paralysis (4)
 O - a wand of polymorph (4)
 S - a wand of iceblast (11)
 V - a wand of mindburst (12)
Scrolls
 c - a scroll of brand weapon
 e - 2 scrolls of torment
 f - 2 scrolls of amnesia
 j - 3 scrolls of enchant armour
 p - 4 scrolls of teleportation
 q - a scroll of poison {unknown}
 C - a scroll of magic mapping {unknown}
 G - a scroll of silence {unknown}
 L - a scroll of summoning {unknown}
 R - a scroll of butterflies {unknown}
 Y - a scroll of enchant weapon {unknown}
 Z - 3 scrolls of immolation
Potions
 b - 3 potions of ambrosia
 d - a potion of invisibility {unknown}
 g - a potion of lignification
 k - 2 potions of mutation
 o - 2 potions of berserk rage
 s - 3 potions of might
 t - 3 potions of curing
 u - a potion of heal wounds {unknown}
 B - a potion of degeneration {unknown}
 D - a potion of cancellation {unknown}
 I - 3 potions of flight
 K - 4 potions of brilliance
 U - 2 potions of resistance


   Skills:
 - Level 5.0 Fighting
 - Level 5.2(6.7) Maces & Flails
 + Level 5.7(6.5) Staves
 + Level 6.3 Throwing
 - Level 7.6 Dodging
 - Level 1.4 Stealth
 - Level 6.0 Unarmed Combat
 - Level 6.8 Invocations
 + Level 4.6 Evocations


You had 10 spell levels left.
You didn't know any spells.
Your spell library contained the following spells:

 Spells                   Type           Power      Damage    Failure   Level
 Inner Flame              Hex/Fire       0%         N/A       88%         3
 Ozocubu's Armour         Ice            0%         N/A       88%         3
 Cause Fear               Hex            0%         N/A       99%         4
 Metabolic Englaciation   Hex/Ice        0%         N/A       100%        5
 Simulacrum               Ice/Necr       0%         N/A       100%        6
 Discord                  Hex            0%         N/A       100%        8


Dungeon Overview and Level Annotations

Branches:
Dungeon (11/15)            Temple (0/1) D:6            Lair (0/5) D:11
    Orc (0/2) D:9

Altars:
Ashenzari
Fedhas
Hepliaklqana
Makhleb
Nemelex Xobeh
Qazlal
Trog
Vehumet
Wu Jian
Xom
Yredelemnul
The Shining One

Annotations:
D:7 1 runed translucent door, tykejmi's ghost, novice DrAE
D:8 3 runed translucent doors


Innate Abilities, Weirdness & Mutations

You are too large for most types of armour.
You have claws for hands.
Your natural rate of healing is unusually fast.
You are covered in fur. (AC +1)
You have tough skin. (AC +1)


Message History

You begin rapidly regenerating health and magic.
The ogre barely misses you. The boulder beetle hits you!!
The boulder beetle stops rolling and uncurls.
You are too injured to fight recklessly!
You barely miss the boulder beetle. The boulder beetle bites you!!
The boulder beetle attacks as you move away!
The boulder beetle bites you!
* * * LOW HITPOINT WARNING * * *
Okay, then.
You draw... (choose one card, ? for their descriptions) a - Degeneration
b - the Orb c - Degeneration You have drawn the Orb.
Press: ? - help, Shift-Dir - straight line, f/p - boulder beetle
Aim: a boulder beetle The wavering orb of destruction weakly hits the ogre!
The ogre is heavily wounded.
You can no longer stack cards.
The boulder beetle bites you.
* * * LOW HITPOINT WARNING * * *
The ogre hits you with a +0 giant club!
* * * LOW HITPOINT WARNING * * *
Your orb of destruction hits a tree.
Your orb of destruction hits a rock wall.
The ogre attacks as you move away! The ogre closely misses you.
Your orb of destruction hits a rock wall.
The boulder beetle curls into a ball and begins rolling!
Okay, then.
Okay, then.
You draw... (choose one card, ? for their descriptions)
a - the Elixir b - Velocity
c - the Cloud You have drawn Velocity.
The ogre seems to slow down.
The two-headed ogre seems to slow down.
The boulder beetle hits you!!!
Ouch! That really hurt!
You die...
Your body glows slightly and disappears.

#####..♣......♣.#....#
.............†....##.#
......♣................
......P...........#####
..>..♣......♣.....#...
..........>...♣...#.#
....P..♣......○○.○.<#
...............B...##
....P.........OO@#.#
####...........○†#†#
##...♣......○...#####
##......P..###...).#
#..#...♣.#########)##
#.######## #.....))†#
.. #.......†#
+......).# #........#


You could see a boulder beetle (rolling), a two-headed ogre (slow) and an ogre
(slow).

Vanquished Creatures
  A hydra (D:9)
  2 two-headed ogres
  Lodul (D:11)
  2 kobold demonologists (D:10)
  A komodo dragon (D:10)
  2 trolls
  Prince Ribbit (D:9)
  A shadow (D:9)
  3 basilisks (D:11)
  A wraith (D:10)
  2 wyverns
  A steam dragon (D:9)
  7 yaks
  A warg (D:9)
  3 water moccasins
  2 black bears
  5 orc warriors
  3 ice beasts
  2 sky beasts
  2 wolves (D:11)
  2 centaurs
  3 ogres
  2 kobold brigands
  A phantom (D:5)
  Blork the orc (D:6)
  2 bullfrogs (D:8)
  2 gnoll sergeants
  2 necrophages
  16 wights
  19 killer bees
  2 howler monkeys
  4 hounds
  A gnoll bouda (D:6)
  11 orc priests
  3 iguanas (D:5)
  5 orc wizards
  14 gnolls
  8 adders
  A shadow imp (D:6)
  2 white imps
  2 dart slugs (D:4)
  42 orcs
  7 endoplasms
  11 goblins
  10 hobgoblins
  4 jackals (D:2)
  3 quokkas
  9 ball pythons
  3 bats
  3 frilled lizards
  16 kobolds
  9 rats
263 creatures vanquished.

Vanquished Creatures (collateral kills)
  Joseph (D:7)
  A basilisk (D:11)
  Grum (D:8)
  An acid dragon (D:11)
  2 water moccasins (D:11)
  2 wolves (D:8)
  A centaur (D:6)
  4 ogres (D:11)
  An orc wizard (D:6)
  An orc (D:6)
15 creatures vanquished.

Vanquished Creatures (others)
  An orc (D:7)
  2 bushes (D:11)
  4 fungi (D:11)
  51 plants
58 creatures vanquished.

Grand Total: 336 creatures vanquished

Notes
Turn   | Place    | Note
-------+----------+-------------------------------------------
     0 | D:1      | Atlar the Troll Monk began the quest for the Orb.
     0 | D:1      | Reached XP level 1. HP: 22/22 MP: 0/0
     2 | D:1      | Noticed a merfolk
     2 | D:1      | Noticed a human
     4 | D:1      | Noticed a tengu
     4 | D:1      | Noticed a ghoul
     6 | D:1      | Noticed a meteoran
     6 | D:1      | Noticed an ogre
     8 | D:1      | Noticed a gargoyle
    10 | D:1      | Noticed a palentonga
    12 | D:1      | Noticed a felid
    12 | D:1      | Noticed a troll
    14 | D:1      | Noticed an octopode
    16 | D:1      | Noticed a spriggan
    16 | D:1      | Noticed a demonspawn
    18 | D:1      | Noticed a vampire
    18 | D:1      | Noticed a demigod
    20 | D:1      | Noticed a formicid
    20 | D:1      | Noticed a draconian
    22 | D:1      | Noticed a vine stalker
    22 | D:1      | Noticed a minotaur
    24 | D:1      | Noticed a naga
    24 | D:1      | Noticed a vine stalker
    26 | D:1      | Noticed a human
    26 | D:1      | Noticed a merfolk
   119 | D:1      | Reached XP level 2. HP: 29/29 MP: 1/1
   336 | D:1      | You fall into a shaft and drop 1 floor!
   659 | D:1      | Reached XP level 3. HP: 36/36 MP: 2/2
  1195 | D:2      | Reached XP level 4. HP: 44/44 MP: 3/3
  1243 | D:2      | Found a faded altar of an unknown god.
  1498 | D:3      | Reached skill level 3 in Dodging
  1574 | D:3      | Found a sparkling altar of Nemelex Xobeh.
  1593 | D:3      | Became a worshipper of Nemelex Xobeh the Trickster
  1593 | D:3      | Reached * piety under Nemelex Xobeh
  1593 | D:3      | Received a gift from Nemelex Xobeh
  1593 | D:3      | Reached ** piety under Nemelex Xobeh
  1771 | D:3      | Found a radiant altar of Vehumet.
  1796 | D:3      | Reached XP level 5. HP: 27/53 MP: 4/4
  2360 | D:4      | Found a blossoming altar of Fedhas.
  2408 | D:4      | Noticed an ogre
  2415 | D:4      | Killed an ogre
  2416 | D:4      | Reached skill level 1 in Invocations
  2416 | D:4      | Reached XP level 6. HP: 55/61 MP: 5/5
  2907 | D:5      | Entered Level 5 of the Dungeon
  3085 | D:5      | Reached skill level 4 in Dodging
  3085 | D:5      | Reached XP level 7. HP: 70/70 MP: 7/7
  3151 | D:5      | Reached *** piety under Nemelex Xobeh
  3515 | D:5      | Reached skill level 5 in Unarmed Combat
  3910 | D:6      | Reached XP level 8. HP: 71/79 MP: 9/9
  3965 | D:6      | Found a staircase to the Ecumenical Temple.
  4142 | D:5      | Upgraded the game from 0.29.1-12-g30fa7ad0bf to
                  | 0.29.1-13-g9f3cf754e1
  4172 | D:6      | Received a gift from Nemelex Xobeh
  4260 | D:6      | Noticed Blork the orc
  4263 | D:6      | Killed Blork the orc
  4264 | D:6      | Reached skill level 5 in Fighting
  4264 | D:6      | Reached skill level 5 in Dodging
  4352 | D:6      | Found a stormy altar of Qazlal.
  4352 | D:6      | Found a glowing golden altar of the Shining One.
  4353 | D:6      | Found a broken altar of Ashenzari.
  4356 | D:6      | Found a bloodstained altar of Trog.
  4356 | D:6      | Found a hazy altar of Hepliaklqana.
  4358 | D:6      | Found a basalt altar of Yredelemnul.
  4358 | D:6      | Found an ornate altar of the Wu Jian Council.
  4359 | D:6      | Found a burning altar of Makhleb.
  4502 | D:6      | Reached skill level 1 in Maces & Flails
  4958 | D:7      | Noticed Joseph
  5386 | D:7      | Killed Joseph
  5387 | D:7      | Reached skill level 5 in Invocations
  5387 | D:7      | Reached XP level 9. HP: 53/88 MP: 11/11
  5405 | D:6      | Reached skill level 6 in Dodging
  5938 | D:7      | Found a runed translucent door.
  5938 | D:7      | Found a shimmering altar of Xom.
  5938 | D:7      | Noticed a +2 spear of chaos
  5939 | D:7      | Noticed tykejmi's ghost (novice DrAE)
  6097 | D:7      | Noticed a troll
  6105 | D:7      | Killed a troll
  6527 | D:8      | Found a runed translucent gate.
  6527 | D:8      | Noticed a red ugly thing
  6528 | D:8      | Found a runed translucent gate.
  6528 | D:8      | Found a runed translucent gate.
  6528 | D:8      | Noticed a cyan ugly thing
  6528 | D:8      | Noticed a brown ugly thing
  6528 | D:8      | Noticed a red ugly thing
  6529 | D:8      | Noticed a purple ugly thing
  6555 | D:8      | Reached **** piety under Nemelex Xobeh
  6879 | D:8      | Reached skill level 5 in Maces & Flails
  6879 | D:8      | Reached skill level 7 in Dodging
  7008 | D:8      | Noticed Grum
  7026 | D:8      | Reached XP level 10. HP: 77/96 MP: 13/13
  7028 | D:8      | Killed Grum
  7554 | D:8      | Reached skill level 1 in Throwing
  7559 | D:8      | Reached skill level 1 in Staves
  7616 | D:8      | Received a gift from Nemelex Xobeh
  8195 | D:9      | Noticed a two-headed ogre
  8202 | D:9      | Killed a two-headed ogre
  8238 | D:9      | Noticed Prince Ribbit
  8250 | D:9      | Killed Prince Ribbit
  8349 | D:9      | Noticed a five-headed hydra
  8353 | D:9      | Killed a five-headed hydra
  8354 | D:9      | Reached skill level 1 in Evocations
  8514 | D:9      | Received a gift from Nemelex Xobeh
  8989 | D:9      | Found a staircase to the Orcish Mines.
  9014 | D:9      | Identified the +9 war axe of Cataclysm {flame, rElec rPois
                  | rN++ Dex-2}
  9027 | D:9      | Reached XP level 11. HP: 85/102 MP: 15/15
  9456 | D:10     | Entered Level 10 of the Dungeon
  9464 | D:10     | Reached ***** piety under Nemelex Xobeh
  9477 | D:10     | Identified the +2 dagger of Success {antimagic, rPois
                  | Int+4}
  9499 | D:10     | Noticed a two-headed ogre
  9666 | D:10     | Received a gift from Nemelex Xobeh
  9787 | D:10     | Reached skill level 5 in Throwing
 10154 | D:10     | Killed a two-headed ogre
 10573 | D:11     | Noticed Lodul
 10608 | D:11     | Reached skill level 5 in Staves
 10628 | D:11     | Killed Lodul
 10916 | D:11     | Found a staircase to the Lair.
 10918 | D:11     | Received a gift from Nemelex Xobeh
 10999 | D:11     | Noticed a boulder beetle
 11002 | D:11     | Noticed a two-headed ogre
 11029 | D:11     | Annihilated by a boulder beetle

Illustrated notes

Levels and vault maps discovered:
D:1:      kb_arrival_jail, layout_loops_ring
D:2:      minmay_spotlight, layout_basic, hellmonk_ecumenical_altar_arch_garden,
          minmay_misc_feat_nine_boxes
D:3:      layout_rooms, mainiacjoe_overflow_cross_hatched,
          nicolae_vehumet_radiance, minmay_misc_feat_four_crosses
D:4:      layout_loops_ring, amcnicky_altar_gilded, serial_bayou_lagoon_a,
          kennysheep_orc_chapel
D:5:      layout_basic, chequers_serial_rivers_small_a, minmay_misc_feat_alley
D:6:      layout_loops_ring, grunt_temple_overflow_open,
          minmay_temple_entry_crystal_x, kennysheep_potato, uniq_blork_the_orc
D:7:      cheibrodos_two_vegetables, layout_basic, ebering_ghost_xom,
          uniq_joseph
D:8:      layout_layer_cave, ploomutoo_gammafunk_ghost_potion_laboratory,
          minivault_10, lightli_minifort, uniq_grum
D:9:      layout_basic, erik_orc_4, serial_bayou_crossing, uniq_prince_ribbit1
D:10:     layout_irregular_city
D:11:     layout_roguey, minmay_lair_entry_grove, hangedman_glass_garden,
          minmay_door_square, chequers_mini_garden, uniq_lodul

Skill      XL: |  1  2  3  4  5  6  7  8  9 10 11 |
---------------+----------------------------------+-----
Fighting       | 3 4 5 |  5.0
Dodging        | 3 4 5 7 |  7.6
Unarmed Combat | 4 5 6 |  6.0
Invocations    | 1 2 3 5 6 |  6.8
Maces & Flails | 3 5 |  5.2
Throwing       | 4 6 |  6.3
Staves         | 3 5 |  5.7
Evocations     | 2 4 |  4.6
Stealth        | |  1.4

Action                   |  1- 3 |  4- 6 |  7- 9 | 10-12 || total
-------------------------+-------+-------+-------+-------++-------
Melee: Unarmed           |   104 |   121 |   221 |       ||   446
       Punch             |     4 |     5 |    11 |       ||    20
       Quarterstaff      |       |       |    54 |   297 ||   351
Throw: Boomerang         |       |     4 |    35 |   136 ||   175
       Javelin           |       |       |       |    11 ||    11
Invok: Draw Destruction  |       |     3 |    11 |    11 ||    25
       Draw Summoning    |       |       |     4 |     3 ||     7
       Draw Escape       |       |       |     1 |       ||     1
       Triple Draw       |       |       |       |     4 ||     4
Evoke: Wand              |       |       |       |    10 ||    10
  Use: Scroll            |     1 |     5 |     5 |     7 ||    18
       Potion            |       |     1 |     6 |     2 ||     9
 Stab: Sleeping          |     4 |     7 |     2 |     1 ||    14
       Paralysed         |       |       |       |    23 ||    23
Armor: Robe              |    22 |    19 |    74 |     7 ||   122
       Skin              |       |       |    20 |       ||    20
       Steam dragon scal |       |       |       |    54 ||    54
       Acid dragon scale |       |       |       |     6 ||     6
Dodge: Dodged            |    37 |    41 |   185 |   205 ||   468
